 BcadrenCrawl: Boulder Brew version 0.05.4-52-gbd2e00ed8b (webtiles) character file.

Game seed: 3486743465059931096, levelgen mode: deterministic

88 namelastname112 the Dualist (level 4, 0/36 HPs) Immature Draconian Priest. Began on Apr 19, 2022. Was a Believer of Bahamut & Tiamat. Slain by an orc ... wielding a +2 morningstar of protection (2 damage) ... on level 3 of the Dungeon. The game lasted 00:02:29 (1247 turns).

namelastname112 the Dualist (DrPr)                  Turns: 1247, Time: 00:02:30

Health: 0/36       AC:  6    Str: 12    XL:     4 ^: 69
Magic:  7/7        EV: 13    Int: 10    God:    Bahamut & Tiamat [2* [64]]
Gold:   44         SH:  0    Dex: 16    Spells: 3/3 levels left

rFire    . . .     Vision   .     - Unarmed
rCold    . . .     Gourm    .     - Unarmed
rNeg     . . .     Faith    .   (armour unavailable)
rCorr    . . .     Spirit   .   (helmet restricted)
rPois    .         Reflect  .   (no cloak)
rElec    .         Harm     .   (no gloves)
MR       .....                  (no boots)
Stlth    ++........             (no amulet)
HPRegen  0.22/turn              (no ring)
MPRegen  0.17/turn              (no ring)

@: no status effects
A: deformed body 2, cold-blooded, AC +6
a: Breathe Dart, Enhanced Breath, Renounce Religion


You were on level 3 of the Dungeon.
You worshipped Bahamut & Tiamat.
Bahamut & Tiamat was pleased with you.
You were very hungry.

You visited 1 branch of the dungeon, and saw 3 of its levels.
You also visited: Temple.

You collected 44 gold pieces.

Inventory:

Scrolls
 b - a scroll of magic mapping
 g - a scroll of blinking
Potions
 c - a potion of brilliance
 d - a potion of gain intelligence
 e - a potion of magic
 f - a potion of cure mutation
Comestibles
 a - 3 rations


   Skills:
 + Level 1.9 Fighting
 + Level 2.2 Dodging
 - Level 1.4 Stealth
 * Level 3.5 Unarmed Combat
 + Level 4.5 Invocations


You had 3 spell levels left.
You didn't know any spells.
Your spell library was empty.

Dungeon Overview and Level Annotations

Branches:
Dungeon (3/8)

Altars:


Innate Abilities, Weirdness & Mutations

Your plain brown scales are resilient. (AC +6)
You can breathe rudimentary magical darts.
You cannot wear any armour on your peculiar form.
You are cold-blooded and are slowed more easily by cold attacks.


Message History

You hit the orc wizard (2). You hit the orc wizard (3).
The orc wizard is almost dead. (1/14) HP You hit the orc wizard (3).
You kill the orc wizard!
Tiamat appreciates your kill.
You have reached level 4!
You feel agile. The orc hits you but does no damage.
You hear a slurping noise.
The ooze hits you (1).
The orc hits you with a +2 morningstar of protection (12)!
You hit the orc (3). You hit the orc (1).
The orc is heavily wounded. (3/7) HP The orc hits you with a +0 club (8)!
* * * LOW HITPOINT WARNING * * *
The ooze hits you (3).
* * * LOW HITPOINT WARNING * * *
You are too injured to fight recklessly!
The orc hits you with a +2 morningstar of protection (2).
You die...

... .#.#.###.. ..
.......?. #.#
......... #.. .?
...... .. ...
....# .#
#...###..# ##.#
.........#####@o#
#%<....o#.##
#.......Jo#
#.......###
#.......#
..$......#
..#.......#
....#.......# ...
#########


You could see an ooze and 2 orcs.

Vanquished Creatures
  An orc wizard (D:3)
  A worker ant (D:3)
  A giant cockroach (D:1)
  2 dart slugs (D:1)
  2 orcs (D:3)
  A bat (D:1)
  5 goblins (D:1)
  2 hobgoblins (D:1)
  A kobold (D:1)
  A ball python (D:1)
  A rat (D:1)
18 creatures vanquished.

Vanquished Creatures (others)
  7 withered plants (D:2)
7 creatures vanquished.

Grand Total: 25 creatures vanquished

Notes
Turn   | Place    | Note
-------+----------+-------------------------------------------
     0 | Start Te | namelastname112 the Immature Draconian Priest began the
                  | quest for the Orb.
     0 | Start Te | Reached XP level 1. HP: 14/14 MP: 3/3
     0 | Start Te | Found a sparkling altar of Nemelex Xobeh.
     1 | Start Te | Found a basalt altar of Yredelemnul.
     1 | Start Te | Found a white marble altar of Elyvilon.
     2 | Start Te | Found an iron altar of Okawaru.
     3 | Start Te | Found a glowing silver altar of Zin.
     3 | Start Te | Found a blossoming altar of Fedhas.
     4 | Start Te | Found a stormy altar of Qazlal.
     5 | Start Te | Found a glowing golden altar of the Shining One.
     5 | Start Te | Found an opulent altar of Gozag.
     6 | Start Te | Found a sacrificial altar of Ru.
     7 | Start Te | Found an ornate altar of Bahamut and Tiamat.
     7 | Start Te | Found a hazy altar of Hepliaklqana.
    16 | Start Te | Became a worshipper of Bahamut & Tiamat
    16 | Start Te | Reached * piety under Bahamut & Tiamat
    16 | Start Te | Reached ** piety under Bahamut & Tiamat
   319 | D:1      | Reached XP level 2. HP: 19/22 MP: 5/5
   508 | D:1      | Reached skill level 1 in Fighting
   688 | D:1      | Reached XP level 3. HP: 28/28 MP: 6/6
  1078 | D:2      | Noticed a water moccasin
  1244 | D:3      | Reached XP level 4. HP: 25/36 MP: 7/7
  1246 | D:3      | HP: 1/36 [ooze (3)]
  1247 | D:3      | Slain by an orc

Levels and vault maps discovered:
D:1:      eino_arrival_water_cross, layout_basic, first_ration
D:2:      layout_sewer, basic_altar, chequers_ecumenical_altar_simple_redux
D:3:      layout_rooms, okawaru_ov_weapons_minmay, grunt_ogre_cave,
          grunt_tough_drop

Skill      XL: |  1  2  3 |
---------------+----------+-----
Fighting       | 1 |  1.9
Unarmed Combat | 3 |  3.5
Dodging        | 2 |  2.2
Stealth        | |  1.4
Invocations    | |  4.5

Action                   |  1- 3 |  4- 6 || total
-------------------------+-------+-------++-------
Melee: Unarmed           |    98 |     2 ||   100
       Peck              |     4 |       ||     4
Invok: Choose Bahamut's  |     1 |       ||     1
       Choose Bahamut's  |     1 |       ||     1
 Stab: Sleeping          |     1 |       ||     1
Armor: Skin              |     7 |     1 ||     8
Dodge: Dodged            |     6 |       ||     6
